 Dungeon Crawl Stone Soup version 0.29.1-12-g30fa7ad0bf (webtiles) character file.

Game seed: 387229935685008523

1078 croobank the Conjurer (level 8, -16/60 HPs)
             Began as a Demonspawn Conjurer on Dec 16, 2022.
             Demolished by a two-headed ogre
             ... wielding a +0 giant spiked club
              (29 damage)
             ... on level 6 of the Dungeon.
             The game lasted 00:19:03 (7072 turns).

croobank the Conjurer (Demonspawn Conjurer)         Turns: 7072, Time: 00:19:04

Health: -16/60     AC:  6    Str:  7    XL:     8   Next: 8%
Magic:  9/14       EV: 13    Int: 21    God:
Gold:   214        SH:  4    Dex: 13    Spells: 9/15 levels left

rFire   . . .      SeeInvis +   j - +0 dagger
rCold   . . .      Faith    .   (no shield)
rNeg    . . .      Spirit   .   a - +0 robe
rPois   .          Reflect  .   (no helmet)
rElec   .          Harm     .   (no cloak)
rCorr   .          Rampage  .   (no gloves)
Will    .....                   r - +1 pair of boots
Stlth   +++.......              u - amulet of magic regeneration
HPRegen 0.20/turn               g - ring of see invisible
MPRegen 0.54/turn               (no ring)

@: mighty, very slightly contaminated, hasted, very quick
A: icy blue scales 1, powered by pain 1, condensation shield, demonic touch 1
a: no special abilities


You were on level 6 of the Dungeon.
You visited 1 branch of the dungeon, and saw 6 of its levels.

You collected 214 gold pieces.

Inventory:

Hand Weapons
 d - a +0 hand axe
 j - a +0 dagger (weapon)
 q - a +0 whip of draining
 v - a +0 falchion
Missiles
 f - 14 poisoned darts
 i - 3 atropa-tipped darts
Armour
 a - a +0 robe (worn)
 e - a +0 buckler
 r - a +1 pair of boots (worn)
Jewellery
 g - a ring of see invisible (left hand)
 u - an amulet of magic regeneration (around neck)
Wands
 s - a wand of roots (8)
 w - a wand of flame (13)
Scrolls
 c - a scroll of magic mapping
 o - 2 scrolls of teleportation
Potions
 b - 3 potions of magic
 h - 2 potions of brilliance
 k - 2 potions of attraction
 l - a potion of haste
 m - 3 potions of curing
 n - 3 potions of heal wounds {unknown}
 p - 2 potions of cancellation {unknown}
 t - a potion of degeneration {unknown}
 x - a potion of mutation {unknown}


   Skills:
 + Level 3.9 Fighting
 + Level 4.2 Dodging
 + Level 4.4 Stealth
 + Level 4.2 Spellcasting
 + Level 5.9 Conjurations


You had 9 spell levels left.
You knew the following spells:

 Your Spells              Type           Power      Damage    Failure   Level
a - Magic Dart            Conj           100%       1d8       1%          1
b - Searing Ray           Conj           58%        2d6       1%          2
c - Dazzling Flash        Conj/Hex       32%        N/A       11%         3

Your spell library contained the following spells:

 Spells                   Type           Power      Damage    Failure   Level
 Stone Arrow              Conj/Erth      32%        3d9       11%         3
 Sandblast                Erth           8%         2d5       12%         1
 Passwall                 Tmut/Erth      3%         N/A       19%         2
 Sublimation of Blood     Necr           4%         N/A       19%         2
 Fulminant Prism          Conj/Hex       8%         3d7       34%         4
 Iskenderun's Mystic Bla  Conj/Tloc      16%        2d5       34%         4
 Irradiate                Conj/Tmut      8%         3d14      67%         5
 Petrify                  Tmut/Erth      4%         N/A       75%         4


Dungeon Overview and Level Annotations

Branches:
Dungeon (6/15)             Temple (0/1) D:6

Altars:
Ashenzari
Uskayaw

Annotations:
D:1 2 runed translucent doors


Innate Abilities, Weirdness & Mutations

You are partially covered in icy blue scales. (AC +2)
You sometimes gain a little power by taking damage.
A meltable shield of frost defends you. (SH +4)
Your touch may inflict minor irresistible damage on your foes.


Message History

The searing ray hits the two-headed ogre!
The two-headed ogre is lightly wounded. (Press . to maintain the ray.)
Casting: Searing Ray (safe; 1% risk of failure)
Confirm with . or Enter, or press ? or * to list all spells.
Casting: Dazzling Flash (dangerous; 11% risk of failure)
Press: ? - help, Dir - look around, f - activate You miscast Dazzling Flash.
You are very lightly contaminated with residual magic.
Nothing appears to happen.
Casting: Dazzling Flash (dangerous; 11% risk of failure)
Confirm with . or Enter, or press ? or * to list all spells.
Casting: Dazzling Flash (dangerous; 11% risk of failure)
Press: ? - help, Dir - look around, f - activate The two-headed ogre is dazzled.
You block the two-headed ogre's attack.
The two-headed ogre hits you with a +0 giant club!
You focus on the pain.
You feel your power returning.
You hit the two-headed ogre.
You touch the two-headed ogre!
The two-headed ogre is moderately wounded.
You barely miss the two-headed ogre.
The two-headed ogre is moderately wounded.
The two-headed ogre hits you with a +0 giant spiked club.
The two-headed ogre hits you with a +0 giant club!
* * * LOW HITPOINT WARNING * * *
You puncture the two-headed ogre!
You touch the two-headed ogre!
The two-headed ogre is severely wounded.
The two-headed ogre is no longer blind.
The two-headed ogre closely misses you. You block the two-headed ogre's attack.
Casting: Dazzling Flash (dangerous; 11% risk of failure)
Confirm with . or Enter, or press ? or * to list all spells.
Casting: Dazzling Flash (dangerous; 11% risk of failure)
Press: ? - help, Dir - look around, f - activate
Casting: Dazzling Flash (dangerous; 11% risk of failure)
Confirm with . or Enter, or press ? or * to list all spells.
Casting: Dazzling Flash (dangerous; 11% risk of failure)
Press: ? - help, Dir - look around, f - activate You block the two-headed ogre's attack.
The two-headed ogre misses you.
You feel yourself speed up.
The two-headed ogre hits you with a +0 giant spiked club!!
You die...

*,,*~***~~**+,,**,,*,,,*
**,***,****,,*****,,,,,*
*,,,,,,,,,,** *,,,*,*
*,,********* **.#*,, *,**
*#.#**, #,* *#..###*
###.###### *.....#
#........#########.....#
#......O@##............#
#...........#####).....#
#..............##.#######
##############......))...
##...######## #..###
####.## ####....# #####
#....#### #....


You could see a two-headed ogre.

Vanquished Creatures
  A black bear (D:5)
  A sky beast (D:6)
  A phantom (D:5)
  A centaur (D:5)
  3 scorpions
  A howler monkey (D:5)
  A jelly (D:4)
  2 hounds (D:5)
  Jessica (D:3)
  2 iguanas
  4 orc wizards
  A mummy (D:4)
  4 gnolls
  5 adders
  A shadow imp (D:5)
  2 ufetubi
  3 worms
  5 dart slugs
  23 orcs
  5 ball pythons
  7 endoplasms
  2 giant cockroaches
  9 goblins
  8 hobgoblins
  4 jackals
  8 kobolds
  3 quokkas (D:2)
  5 bats
  5 frilled lizards
  2 hobgoblin zombies (D:4)
  A kobold zombie (D:4)
  An orc zombie (D:4)
  3 rats (D:3)
125 creatures vanquished.

Vanquished Creatures (others)
  3 plants (D:2)
3 creatures vanquished.

Grand Total: 128 creatures vanquished

Notes
Turn   | Place    | Note
-------+----------+-------------------------------------------
     0 | D:1      | croobank the Demonspawn Conjurer began the quest for the
                  | Orb.
     0 | D:1      | Reached XP level 1. HP: 13/13 MP: 3/3
   125 | D:1      | Found a large runed translucent door.
   125 | D:1      | Found a large runed translucent door.
   512 | D:1      | Gained mutation: A meltable shield of frost defends you.
                  | (SH +4) [demonic ancestry]
   512 | D:1      | Reached XP level 2. HP: 11/20 MP: 0/5
   655 | D:1      | Learned a level 2 spell: Searing Ray
  1515 | D:2      | Reached skill level 1 in Fighting
  1579 | D:2      | Gained mutation: You sometimes gain a little power by
                  | taking damage. [demonic ancestry]
  1579 | D:2      | Reached XP level 3. HP: 26/26 MP: 1/6
  1627 | D:2      | Learned a level 3 spell: Dazzling Flash
  2008 | D:2      | Found a faded altar of an unknown god.
  2436 | D:2      | Gained mutation: You are partially covered in icy blue
                  | scales. (AC +2) [demonic ancestry]
  2436 | D:2      | Reached XP level 4. HP: 28/32 MP: 0/7
  3266 | D:3      | Noticed Jessica
  3276 | D:3      | Killed Jessica
  3723 | D:3      | Reached XP level 5. HP: 38/38 MP: 3/9
  4521 | D:3      | Found a broken altar of Ashenzari.
  4521 | D:3      | Found a hide-covered altar of Uskayaw.
  4958 | D:4      | Gained mutation: Your touch may inflict minor irresistible
                  | damage on your foes. [demonic ancestry]
  4958 | D:4      | Reached XP level 6. HP: 44/44 MP: 6/10
  5336 | D:4      | Reached skill level 5 in Conjurations
  5944 | D:5      | Entered Level 5 of the Dungeon
  6090 | D:5      | Reached XP level 7. HP: 34/51 MP: 6/12
  6789 | D:5      | Identified the +0 leather armour "Magorphu" {Int+3}
  7008 | D:6      | Reached XP level 8. HP: 60/60 MP: 10/14
  7059 | D:6      | Noticed a two-headed ogre
  7072 | D:6      | Demolished by a two-headed ogre

Illustrated notes

Levels and vault maps discovered:
D:1:      erik_arrival_cave_to_civilisation [erik_arrival_cave_to_temple],
          layout_basic, amcnicky_mini_rare_corridor_liquid
D:2:      layout_loops_ring, hellmonk_ecumenical_altar_dog_temple,
          serial_forest, infiniplex_forest_fountain, infiniplex_forest_end_1,
          infiniplex_forest_corner_2, infiniplex_forest_clump_diagonal,
          infiniplex_forest_lined_3_way, infiniplex_forest_clump_C,
          infiniplex_forest_lined_room_, infiniplex_forest_lined_room_
D:3:      minmay_chambers_of_threes, layout_basic,
          gammafunk_temple_overflow_wave, serial_park_tiny_2, st_stairs_8,
          kennysheep_generic_room_11, uniq_jessica
D:4:      layout_basic, minmay_mini_ossuary
D:5:      layout_loops_ring, chequers_serial_rivers_micro_d
D:6:      layout_rooms, temple_statues, gammafunk_ghost_abyssal_escape,
          gup_sewer_entry_bowl

Skill      XL: |  1  2  3  4  5  6  7 |
---------------+----------------------+-----
Stealth        | 2 3 4 |  4.4
Dodging        | 2 3 4 |  4.2
Fighting       | 1 2 3 |  3.9
Spellcasting   | 3 4 |  4.2
Conjurations   | 5 |  5.9

Action                   |  1- 3 |  4- 6 |  7- 9 || total
-------------------------+-------+-------+-------++-------
Melee: Whip              |     6 |       |       ||     6
       Dagger            |     9 |    48 |    31 ||    88
       Punch             |       |     2 |       ||     2
       Touch             |       |     3 |     5 ||     8
 Cast: Magic Dart        |    32 |    32 |     7 ||    71
       Searing Ray       |    16 |    38 |    15 ||    69
       Dazzling Flash    |       |     1 |     8 ||     9
  Use: Scroll            |     2 |    10 |     2 ||    14
       Potion            |       |     1 |     3 ||     4
 Stab: Sleeping          |     5 |     3 |     2 ||    10
Armor: Robe              |     1 |    16 |    26 ||    43
Dodge: Dodged            |    22 |    49 |    75 ||   146
Block: Other             |     4 |    16 |    21 ||    41
